 Dungeon Crawl Stone Soup version 0.22.1-6-g1668fe2 (webtiles) character file.

99 Kairos the Shield-Bearer (level 4, -2/24 HPs)
             Began as a Vine Stalker Fighter on Jan 26, 2019.
             Slain by Sigmund
             ... wielding a +0 scythe
              (7 damage)
             ... on level 2 of the Dungeon.
             The game lasted 00:03:08 (1887 turns).

Kairos the Shield-Bearer (Vine Stalker Fighter)     Turns: 1887, Time: 00:03:08

Health: -2/24      AC:  6    Str: 24    XL:     4   Next: 72%
Magic:  0/5        EV:  7    Int:  8    God:
Gold:   149        SH: 10    Dex: 14    Spells: 3/3 levels left

rFire    . . .     SeeInvis .   a - +0 war axe
rCold    . . .     Gourm    .   c - +0 shield
rNeg     . . .     Faith    .   b - +0 scale mail
rPois    .         Spirit   +   (no helmet)
rElec    .         Reflect  .   (no cloak)
rCorr    .         Harm     .   (no gloves)
MR       .....                  (no boots)
Stlth    ..........             (no amulet)
HPRegen  0.48/turn              e - -2 ring of slaying (curse)
MPRegen  0.09/turn              (no ring)

@: mighty
A: fangs 2, regeneration 1, magic shield, antimagic bite, no potion heal 3, rot
immunity
a: no special abilities


You were on level 2 of the Dungeon.
You were not hungry.

You visited 1 branch of the dungeon, and saw 2 of its levels.

You collected 149 gold pieces.

Inventory:

Hand Weapons
 a - a +0 war axe (weapon)
Armour
 b - a +0 scale mail (worn)
 c - a +0 shield (worn)
Jewellery
 e - a cursed -2 ring of slaying (left hand)
Scrolls
 k - a scroll of teleportation
Potions
 d - a potion of might
 g - a potion of cancellation {unknown}
 h - a potion of brilliance {unknown}
 i - a potion of magic {unknown}
 j - a potion of haste {unknown}
Comestibles
 f - 5 rations


   Skills:
 + Level 3.1 Fighting
 + Level 2.4 Axes
 + Level 2.9 Armour
 + Level 0.5 Dodging
 + Level 3.5 Shields


You had 3 spell levels left.
You didn't know any spells.
Your spell library was empty.

Dungeon Overview and Level Annotations

Branches:
Dungeon (2/15)

Altars:
Sif Muna
Yredelemnul

Annotations:
D:2 Sigmund


Innate Abilities, Weirdness & Mutations

You have extremely sharp teeth.
Your natural rate of healing is unusually fast.
When hurt, damage is shared between your health and your magic reserves.
Your bite disrupts and absorbs the magic of your enemies.
Potions cannot restore your health.
You are immune to rotting.


Message History

* * * LOW HITPOINT WARNING * * *
You closely miss Sigmund. You bite Sigmund.
Sigmund's magic leaks into the air.
You drain his magic.
You feel invigorated.
Sigmund is moderately wounded.
Your shield prevents you from hitting Sigmund.
Your bite misses Sigmund.
Sigmund is moderately wounded.
Sigmund falters for a moment.
Sigmund barely misses you.
You slash Sigmund! You bite Sigmund!
Sigmund's magic leaks into the air.
You drain his magic.
Sigmund is severely wounded.
Sigmund hits you with a scythe.
* * * LOW HITPOINT WARNING * * *
You closely miss Sigmund. Your bite misses Sigmund.
Sigmund is severely wounded.
Sigmund falters for a moment.
You barely miss Sigmund. Your bite misses Sigmund.
Sigmund is severely wounded.
Sigmund hits you with a scythe!
You die...

#.##.####### #...# #.(......)..
#.##. #.##.####### ..... ######.#
##.... #....#.# ####
######'##.#.# #########
#####.........#.###.#.......#
#...'...............#.#.).#.#
##.###........##@#####.....#.#
..............##@##........'.#
##..)#........##.##.###....######
###.#........##.##'##.....'.†..#
####.#######'##......#.....####.#
.....# #..#......#........#.#
###### ##.#.........#####.#.# ##
#.#.......#...#..<#.# ..
##...).((..#.#.#####.#


You could see Sigmund.

Vanquished Creatures
  5 adders
  2 worms (D:2)
  A dart slug (D:1)
  2 leopard geckos (D:1)
  4 bats
  3 giant cockroaches
  8 goblins
  7 hobgoblins
  A ball python (D:1)
  2 frilled lizards
  5 kobolds
  8 rats
48 creatures vanquished.

Notes
Turn   | Place    | Note
-------+----------+-------------------------------------------
     0 | D:1      | Kairos the Vine Stalker Fighter began the quest for the
                  | Orb.
     0 | D:1      | Reached XP level 1. HP: 11/11 MP: 2/2
   151 | D:1      | Reached XP level 2. HP: 16/16 MP: 3/3
   424 | D:1      | Reached XP level 3. HP: 18/19 MP: 4/4
  1086 | D:2      | Noticed Sigmund
  1096 | D:2      | Found a basalt altar of Yredelemnul.
  1120 | D:1      | Gained mutation: Your natural rate of healing is unusually
                  | fast. [Vine Stalker growth]
  1120 | D:1      | Reached XP level 4. HP: 18/24 MP: 2/5
  1530 | D:2      | Found a deep blue altar of Sif Muna.
  1887 | D:2      | Slain by Sigmund

Skill      XL: |  1  2  3 |
---------------+----------+-----
Shields        | 3 |  3.5
Axes           | 2 |  2.4
Fighting       | 3 |  3.1
Armour         | |  2.9
Dodging        | |  0.5

Action                   |  1- 3 |  4- 6 || total
-------------------------+-------+-------++-------
Melee: War axe           |   132 |   104 ||   236
       Bite              |    33 |    15 ||    48
  Use: Scroll            |     5 |       ||     5
       Potion            |       |     2 ||     2
  Eat: Ration            |       |     1 ||     1
Armor: Scale mail        |    62 |    38 ||   100
       Skin              |       |    21 ||    21
Dodge: Dodged            |    59 |    27 ||    86
Block: Shield            |    80 |    61 ||   141
